 Dungeon Crawl Stone Soup version 0.28-b1-1-g3c77fb2ed1 (webtiles) character file.

Game seed: 6564026995336022023

39 fishdoom the Shield-Bearer (level 3, 0/33 HPs)
             Began as a Minotaur Fighter on Jan 28, 2022.
             Succumbed to Terence's poison
             ... on level 2 of the Dungeon.
             The game lasted 00:04:37 (1404 turns).

fishdoom the Shield-Bearer (Minotaur Fighter)       Turns: 1404, Time: 00:04:38

Health: 0/33       AC: 10    Str: 22    XL:     3   Next: 26%
Magic:  11/11      EV:  7    Int:  5    God:
Gold:   89         SH:  4    Dex:  9    Spells: 2/2 levels left

rFire   . . .      SeeInvis .   a - +0 war axe
rCold   . . .      Faith    .   c - +0 buckler
rNeg    . . .      Spirit   .   j - +0 chain mail
rPois   .          Reflect  .   (helmet restricted)
rElec   .          Harm     .   (no cloak)
rCorr   .          Rampage  .   k - +0 pair of gloves
Will    .....                   (no boots)
Stlth   ..........              (no amulet)
HPRegen 0.11/turn               e - ring of magical power
MPRegen 0.12/turn               (no ring)

@: mighty, lethally poisoned (0 -> -15)
A: horns 2, retaliatory headbutt
a: no special abilities


You were on level 2 of the Dungeon.
You visited 1 branch of the dungeon, and saw 2 of its levels.

You collected 89 gold pieces.

Inventory:

Hand Weapons
 a - a +0 war axe (weapon)
Armour
 b - a +0 scale mail
 c - a +0 buckler (worn)
 j - a +0 chain mail (worn)
 k - a +0 pair of gloves (worn)
Jewellery
 e - a ring of magical power (left hand)
Scrolls
 g - 5 scrolls of identify {unknown}
 h - 2 scrolls of teleportation {unknown}
Potions
 f - 3 potions of curing {unknown}
 i - a potion of brilliance {unknown}
 l - a potion of heal wounds {unknown}


   Skills:
 + Level 3.9 Fighting
 + Level 3.2 Axes
 + Level 4.1 Armour
 + Level 0.1 Dodging
 + Level 4.2 Shields


You had 2 spell levels left.
You didn't know any spells.
Your spell library was empty.

Dungeon Overview and Level Annotations

Branches:
Dungeon (2/15)

Altars:

Shops:
D:2 ?

Annotations:
D:2 Terence


Innate Abilities, Weirdness & Mutations

You have a pair of horns on your head.
You reflexively headbutt those who attack you in melee.


Message History

The ball python constricts you.
You slash the ball python!
You kill the ball python!
g - 5 scrolls labelled LUEPRUT XENIHO (gained 1)
A goblin comes into view. It is wielding a +0 club.
Found Lublo's Magic Scroll Shop.
The goblin shouts!
You hear a shout!
Found a stone staircase leading down.
You slash the goblin!
You kill the goblin!
Terence the Incautious comes into view.
He is wielding a +2 trident of venom and wearing a +2 chain mail of cold resistance.
Things that are here:
a +0 club; a goblin corpse You don't know any spells.
Press: ? - help, v - describe, . - travel The floor.
Terence shouts!
Terence hits you but does no damage.
You are poisoned.
You feel very sick. Terence hits you but does no damage.
You are more poisoned.
You barely miss Terence. Your headbutt misses Terence.
You feel very sick.
Terence hits you with a +2 trident of venom!
Terence hits you but does no damage.
You are lethally poisoned!
You hit Terence.
Terence is lightly wounded.
* * * LOW HITPOINT WARNING * * *
You feel extremely sick.
Terence hits you with a +2 trident of venom.
* * * LOW HITPOINT WARNING * * *
You feel very mighty all of a sudden.
* * * LOW HITPOINT WARNING * * *
You feel very sick. You block Terence's attack.
You hit Terence. Your headbutt misses Terence.
Terence is moderately wounded.
You die...

..........
...............
...............##
.......####...... ##
.......# .....## .#
######## .....#..###
......# #...#....##
#####.# ###
#.∩....>...
#.###.####..@@......
#.......#.)..#......
#####.#.#.##........
#.#...##.##..#..
########.. .... ####
#.. #


You could see Terence.

Vanquished Creatures
  A worm (D:2)
  A dart slug (D:1)
  4 endoplasms
  A giant cockroach (D:1)
  5 goblins
  3 hobgoblins
  7 kobolds
  A quokka (D:1)
  2 ball pythons
  3 bats
  4 rats
32 creatures vanquished.

Notes
Turn   | Place    | Note
-------+----------+-------------------------------------------
     0 | D:1      | fishdoom the Minotaur Fighter began the quest for the Orb.
     0 | D:1      | Reached XP level 1. HP: 19/19 MP: 0/0
   421 | D:1      | Reached XP level 2. HP: 26/27 MP: 1/1
  1126 | D:2      | Reached XP level 3. HP: 33/33 MP: 2/2
  1227 | D:2      | Found a faded altar of an unknown god.
  1395 | D:2      | Found Lublo's Magic Scroll Shop.
  1398 | D:2      | Noticed Terence
  1404 | D:2      | Succumbed to Terence's poison

Illustrated notes

Levels and vault maps discovered:
D:1:      dpeg_arrival_rhombus, layout_loops_ring
D:2:      layout_basic, basic_ecumenical_altar, serial_shops, shop, uniq_terence

Skill      XL: |  1  2 |
---------------+-------+-----
Armour         | 4 |  4.1
Shields        | 4 |  4.2
Axes           | 3 |  3.2
Fighting       | |  3.9
Dodging        | |  0.1

Action                   || total
-------------------------++-------
Melee: War axe           ||    75
       Headbutt          ||     9
  Use: Potion            ||     1
Armor: Scale mail        ||    12
       Chain mail        ||    25
Dodge: Dodged            ||    32
Block: Buckler           ||    26
